 Dungeon Crawl Stone Soup version 0.23.2-11-gf996548c65 (webtiles) character file.

Game seed: 9668421756762925265

777 funkygono the Cudgeler (level 7, 0/61 HPs)
             Began as a Minotaur Fighter on June 3, 2019.
             Killed by nerve-wracking pain
             ... invoked by an orc priest
              (10 damage)
             ... on level 5 of the Dungeon.
             The game lasted 00:10:47 (4390 turns).

funkygono the Cudgeler (Minotaur Fighter)           Turns: 4390, Time: 00:10:48

Health: 0/61       AC:  9    Str: 23    XL:     7   Next: 54%
Magic:  6/6        EV:  9    Int:  5    God:
Gold:   230        SH: 11    Dex:  9    Spells: 6/6 levels left

rFire    . . .     SeeInvis .   a - +1 flail
rCold    . . .     Gourm    +   c - +1 shield
rNeg     . . .     Faith    .   k - +0 scale mail
rPois    .         Spirit   .   (helmet restricted)
rElec    .         Reflect  .   t - +1 cloak
rCorr    .         Harm     .   (no gloves)
MR       .....                  (no boots)
Stlth    ..........             e - amulet of the gourmand
HPRegen  0.20/turn              u - ring of wizardry
MPRegen  0.10/turn              (no ring)

@: no status effects
A: retaliatory headbutt, horns 2
a: no special abilities


You were on level 5 of the Dungeon.
You were completely stuffed.

You visited 1 branch of the dungeon, and saw 6 of its levels.
You also visited: Sewer.

You collected 230 gold pieces.

Inventory:

Hand Weapons
 a - a +1 flail (weapon)
 b - a +0 hunting sling
Missiles
 i - 230 stones
 j - 46 sling bullets (quivered)
Armour
 c - a +1 shield (worn)
 k - a +0 scale mail (worn)
 t - a +1 cloak (worn)
Jewellery
 e - an amulet of the gourmand (around neck)
 u - a ring of wizardry (left hand)
 w - an uncursed ring of protection from cold
Wands
 v - a wand of random effects (9)
Scrolls
 q - 3 scrolls of teleportation
 y - a scroll of remove curse
Potions
 d - a potion of agility {unknown}
 h - 2 potions of lignification
 l - a potion of might
 n - a potion of magic {unknown}
 o - 5 potions of heal wounds
 p - a potion of haste
 r - 2 potions of brilliance {unknown}
 s - 2 potions of curing
Comestibles
 f - 11 rations
 z - 6 chunks of flesh


   Skills:
 + Level 5.2 Fighting
 + Level 6.4 Maces & Flails
 + Level 0.5 Slings
 + Level 5.4 Armour
 + Level 2.7 Dodging
 + Level 0.4 Stealth
 + Level 6.0 Shields


You had 6 spell levels left.
You didn't know any spells.
Your spell library was empty.

Dungeon Overview and Level Annotations

Branches:
Dungeon (6/15)
 Temple: D:4-7

Altars:
Ru
Yredelemnul
Beogh

Shops:
D:5 %

Annotations:
D:4 3 runed translucent doors, forest's ghost, novice SpAs


Innate Abilities, Weirdness & Mutations

You reflexively headbutt those who attack you in melee.
You have a pair of horns on your head.


Message History

Deactivating autopickup; reactivate with Ctrl-A.
You miss something. Your headbutt misses something. Something hits you.
Something shocks you.
The orc priest hits you but does no damage.
You hit something. Something hits you. Something shocks you.
You block the orc priest's attack.
You closely miss something. Something hits you. Something shocks you.
You block the orc priest's attack. Something hits you. Something shocks you.
The orc priest hits you with a +0 dagger.
* * * LOW HITPOINT WARNING * * *
You sock something! Something hits you.
* * * LOW HITPOINT WARNING * * *
Something shocks you.
* * * LOW HITPOINT WARNING * * *
The orc priest hits you but does no damage.
Your shield prevents you from hitting something.
You block something's attack.
The orc priest invokes the aid of Beogh against you.
Pain shoots through your body!
You die...

#........# #.######.# ##########
#)# #.# #####........######
#.######.# #...#.######.##....
).....##.# #........##.......#
#.###.##.# #...#.##.##.....#<#
#.###.##.# ##.##.##.##.....#.#
#........# #o##...........#.#
#####.#### #@###.#........#.# #.#
#รท# ##.#.#.......# #.# #.#
##.####.##### ####.#### ##.## ###
##'## ## #.......# #...#
##...###. #.##.##.# ####.#.##
##.....##. #....##.# #.......#
##.......#.
##...###.###.##....####..........
......................'..........


You could see an orc priest.

Vanquished Creatures
  2 centaurs (D:5)
  An ogre (D:5)
  A bullfrog (D:5)
  A crimson imp (D:5)
  An orc priest (D:5)
  3 orc wizards
  A worker ant (D:5)
  Robin (D:3)
  A worker ant zombie (D:5)
  10 adders
  4 gnolls (D:4)
  A worm (D:4)
  A dart slug (D:1)
  3 leopard geckos
  18 orcs
  8 ball pythons
  4 giant cockroaches (D:1)
  15 goblins
  10 hobgoblins
  7 jackals
  8 kobolds
  11 bats
  12 frilled lizards
  A quokka zombie (D:5)
  10 rats
135 creatures vanquished.

Notes
Turn   | Place    | Note
-------+----------+-------------------------------------------
     0 | D:1      | funkygono the Minotaur Fighter began the quest for the Orb.
     0 | D:1      | Reached XP level 1. HP: 19/19 MP: 0/0
    71 | D:1      | Reached XP level 2. HP: 24/27 MP: 1/1
   340 | D:1      | Reached XP level 3. HP: 33/33 MP: 2/2
   755 | D:1      | Found a basalt altar of Yredelemnul.
  1215 | D:2      | Reached skill level 1 in Dodging
  1215 | D:2      | Reached XP level 4. HP: 26/40 MP: 3/3
  1506 | D:3      | Noticed Robin
  1517 | D:3      | Killed Robin
  1605 | D:3      | Found a glowing drain.
  1636 | Sewer    | Entered a sewer
  1658 | Sewer    | Reached XP level 5. HP: 41/47 MP: 4/4
  2049 | D:3      | Found a sacrificial altar of Ru.
  2309 | D:3      | Reached skill level 5 in Shields
  2832 | D:4      | Identified the cursed +0 dagger of Truth {flame, rElec
                  | Dex+4}
  2832 | D:4      | Identified the +1 chain mail of Motsefej {rPois rF+}
  2832 | D:4      | Noticed forest's ghost (novice SpAs)
  2833 | D:4      | Found a runed translucent gate.
  2833 | D:4      | Found a runed translucent gate.
  2833 | D:4      | Found a runed translucent gate.
  2834 | D:4      | Found a roughly hewn altar of Beogh.
  2835 | D:4      | Identified the +0 chain mail "Iwkuex Vava" {Slay+3}
  2835 | D:4      | Noticed an orc warrior
  3115 | D:5      | Entered Level 5 of the Dungeon
  3183 | D:5      | Found Okkikeh's Food Shoppe.
  3206 | D:5      | Reached XP level 6. HP: 50/53 MP: 5/5
  3312 | D:5      | Reached skill level 5 in Maces & Flails
  3655 | D:5      | Reached skill level 5 in Fighting
  3655 | D:5      | Reached XP level 7. HP: 35/61 MP: 6/6
  3661 | D:5      | Reached skill level 5 in Armour
  3953 | D:5      | Found a sacrificial altar of Ru.
  4390 | D:5      | Killed from afar by an orc priest

Skill      XL: |  1  2  3  4  5  6  7 |
---------------+----------------------+-----
Fighting       | 4 5 |  5.2
Shields        | 4 5 6 |  6.0
Maces & Flails | 3 4 5 6 |  6.4
Armour         | 4 5 |  5.4
Dodging        | 1 2 |  2.7
Slings         | |  0.5
Stealth        | |  0.4

Action                   |  1- 3 |  4- 6 |  7- 9 || total
-------------------------+-------+-------+-------++-------
Melee: Flail             |   109 |   239 |    37 ||   385
       Headbutt          |     8 |    31 |     6 ||    45
 Fire: Hunting sling     |    14 |       |       ||    14
  Use: Scroll            |       |    12 |     3 ||    15
       Potion            |       |     2 |       ||     2
  Eat: Chunk             |    16 |     9 |     2 ||    27
Armor: Scale mail        |    60 |   128 |    12 ||   200
Dodge: Dodged            |    41 |   104 |     9 ||   154
Block: Shield            |    77 |   181 |    23 ||   281
